 Dungeon Crawl Stone Soup version 0.29-a0-648-g6b26cc9f40 (webtiles) character file.

Game seed: 11296155928735814765

69 Essalna the Sneak (level 4, 0/21 HPs)
             Began as a Spriggan Enchanter on June 20, 2022.
             Frozen to death by an endoplasm (3 damage)
             ... on level 3 of the Dungeon.
             The game lasted 00:04:36 (2405 turns).

Essalna the Sneak (Spriggan Enchanter)              Turns: 2405, Time: 00:04:37

Health: 0/21       AC:  4    Str: 12    XL:     4   Next: 2%
Magic:  2/9        EV: 18    Int: 13    God:
Gold:   94         SH:  0    Dex: 15    Spells: 6/8 levels left

rFire   . . .      SeeInvis +   a - +1 dagger
rCold   . . .      Faith    .   (no shield)
rNeg    . . .      Spirit   .   l - +1 robe of the Game Afoot {Regen+ Str+8 Int-5}
rPois   .          Reflect  .   (helmet restricted)
rElec   .          Harm     .   d - +0 cloak
rCorr   .          Rampage  .   (gloves unavailable)
Will    .....                   (boots unavailable)
Stlth   +++.......              (no amulet)
HPRegen 0.87/turn               (no ring)
MPRegen 0.11/turn               (no ring)

@: very quick
A: very small, no large weapons, unfitting armour, see invisible, speed 3
a: no special abilities


You were on level 3 of the Dungeon.
You visited 1 branch of the dungeon, and saw 3 of its levels.

You collected 94 gold pieces.

Inventory:

Hand Weapons
 a - a +1 dagger (weapon)
Missiles
 k - 12 boomerangs
Armour
 b - a +0 robe
 d - a +0 cloak (worn)
 l - the +1 robe of the Game Afoot (worn) {Regen+ Str+8 Int-5}
   (You found it on level 2 of the Dungeon)

   Str:       It affects your strength (+8).
   Int:       It affects your intelligence (-5).
   Regen:     It increases your rate of health regeneration.
Wands
 o - a wand of quicksilver (7)
Scrolls
 e - 2 scrolls of teleportation
 f - 2 scrolls of poison {unknown}
 g - a scroll of fog {unknown}
 i - a scroll of identify {unknown}
 m - a scroll of amnesia {unknown}
 n - a scroll of vulnerability {unknown}
Potions
 c - 2 potions of invisibility
 h - a potion of brilliance {unknown}
 j - a potion of attraction {unknown}


   Skills:
 + Level 2.2 Short Blades
 + Level 3.6 Dodging
 + Level 5.4 Stealth
 - Level 2.6 Spellcasting
 + Level 4.3 Hexes


You had 6 spell levels left.
You knew the following spells:

 Your Spells              Type           Power      Damage    Failure   Level
a - Ensorcelled Hibernat  Hex/Ice        14%        N/A       14%         2

Your spell library contained the following spells:

 Spells                   Type           Power      Damage    Failure   Level
 Confusing Touch          Hex            13%        N/A       12%         3
 Tukima's Dance           Hex            13%        N/A       12%         3
 Dazzling Flash           Conj/Hex       14%        N/A       28%         3


Dungeon Overview and Level Annotations

Branches:
Dungeon (3/15)

Altars:

Shops:
D:2 (   D:3 *

Annotations:
D:3 Ijyb


Innate Abilities, Weirdness & Mutations

You are very small and have problems with some larger weapons.
You are too small for most types of armour.
You have supernaturally acute eyesight. (SInv)
You cover ground extremely quickly. (Speed+++)


Message History

Okay, then.
Ijyb zaps a wand.
The bolt of dispelling energy misses you.
Your surroundings suddenly seem different.
An endoplasm comes into view.
Found four items.
Found Gorycs's General Store.
Found a stone staircase leading up.
The endoplasm quivers.
The endoplasm closely misses you.
You barely miss the endoplasm. The endoplasm freezes you.
You are frozen.
* * * LOW HITPOINT WARNING * * *
Casting: Ensorcelled Hibernation (safe; 14% risk of failure)
Confirm with . or Enter, or press ? or * to list all spells.
Aiming: Ensorcelled Hibernation (safe; 14% risk of failure)
Press: ? - help, Shift-Dir - straight line, f - endoplasm
Aim: an endoplasm (chance to affect: 58%)
The endoplasm resists with significant effort.
The endoplasm freezes you.
You are frozen.
* * * LOW HITPOINT WARNING * * *
A ball python comes into view.
Your magical contamination has completely faded away.
You barely miss the endoplasm. The endoplasm completely misses you.
You hit the endoplasm.
The endoplasm is heavily wounded.
You hit the endoplasm but do no damage.
The endoplasm is heavily wounded.
The endoplasm freezes you.
You are frozen.
* * * LOW HITPOINT WARNING * * *
You hit the endoplasm but do no damage.
The endoplasm is heavily wounded.
The endoplasm barely misses you.
You hit the endoplasm but do no damage.
The endoplasm is heavily wounded.
The endoplasm freezes you.
You are frozen.
You die...

#####.# #. #... .......
#. ?.# #####..# #<. ...
.# #... #.##.#
..#####..# ....#
......>...# #..###.#
.####.<.. ###.:....#.
#...# #.J@...$#
..####...# #.........#
.........#
#.∩.#......#......)...
#......................
#..#.....S..#..>......#
#.##...............#.##
#. #..).......##.###.##
# #.......#.###. .... #
..##


You could see an endoplasm and a ball python.

Vanquished Creatures
  An orc priest (D:3)
  3 orcs (D:3)
  4 ball pythons
  5 endoplasms
  3 goblins
  7 hobgoblins
  A quokka (D:1)
  2 bats
  3 frilled lizards
  2 kobolds (D:3)
  3 rats
34 creatures vanquished.

Notes
Turn   | Place    | Note
-------+----------+-------------------------------------------
     0 | D:1      | Essalna the Spriggan Enchanter began the quest for the Orb.
     0 | D:1      | Reached XP level 1. HP: 9/9 MP: 5/5
   268 | D:1      | Reached XP level 2. HP: 13/13 MP: 6/6
   271 | D:1      | Learned a level 2 spell: Ensorcelled Hibernation
  1606 | D:2      | Found Wedgheun's Weapon Boutique.
  1637 | D:2      | Identified the +1 robe of the Game Afoot {Regen+ Str+8
                  | Int-5}
  1669 | D:2      | Reached skill level 5 in Stealth
  1755 | D:2      | Found a faded altar of an unknown god.
  1760 | D:2      | Reached XP level 3. HP: 16/16 MP: 8/8
  2108 | D:3      | Noticed Ijyb
  2294 | D:3      | Reached XP level 4. HP: 21/21 MP: 9/9
  2396 | D:3      | Found Gorycs's General Store.
  2400 | D:3      | HP: 1/21 [frozen (2)]
  2405 | D:3      | Frozen to death by an endoplasm

Illustrated notes

Levels and vault maps discovered:
D:1:      dpeg_arrival_line_fractal, layout_loops_ring
D:2:      layout_basic, serial_shops, nicolae_shop_stone,
          ebering_ecumenical_altar_ruins
D:3:      layout_loops_ring, serial_shops, nicolae_shop_stone, uniq_ijyb,
          uniq_terence

Skill      XL: |  1  2  3 |
---------------+----------+-----
Dodging        | 3 |  3.6
Hexes          | 4 |  4.3
Stealth        | 5 |  5.4
Short Blades   | 2 |  2.2
Spellcasting   | |  2.6

Action                   |  1- 3 |  4- 6 || total
-------------------------+-------+-------++-------
Melee: Dagger            |    85 |    14 ||    99
 Cast: Ensorcelled Hiber |    13 |     3 ||    16
  Use: Scroll            |       |     1 ||     1
 Stab: Sleeping          |    12 |       ||    12
Armor: Robe              |     6 |     1 ||     7
Dodge: Dodged            |    56 |    10 ||    66

Table legend: (Time is in decaauts)
 A = Elapsed time spent in this place.
 B = Non-inter-level travel time spent in this place.
 C = Inter-level travel time spent in this place.
 D = Time resting spent in this place.
 E = Time spent auto-exploring this place.
 F = Levels seen in this place.
 G = Mean time per level.
                   A        B        C        D        E       F      G
               +--------+--------+--------+--------+--------+-----+--------+
         Total |   1800 |   1776 |     24 |    127 |   1362 |   3 |  600.0 |
       Dungeon |   1800 |   1776 |     24 |    127 |   1362 |   3 |  600.0 |
               +--------+--------+--------+--------+--------+-----+--------+

Top non-repeatable levels by time:
     D:1: 839 daAuts
     D:2: 739 daAuts
     D:3: 221 daAuts
